 Dungeon Crawl Stone Soup version 0.26-a0-597-gb535b0901c (webtiles) character file.

Game seed: 10343162551252733935

2 Lanoc the Sneak (level 1, -1/19 HPs)
             Began as a Draconian Delver on Sept 12, 2020.
             Shot with an arrow by a centaur (9 damage)
             ... on level 5 of the Dungeon.
             The game lasted 00:00:48 (118 turns).

Lanoc the Sneak (Draconian Delver)                   Turns: 118, Time: 00:00:48

Health: -1/19      AC:  4    Str: 14    XL:     1   Next: 25%
Magic:  1/1        EV: 12    Int: 10    God:
Gold:   9          SH:  0    Dex: 12    Spells: 0/0 levels left

rFire    . . .     SeeInvis .   a - +0 falchion
rCold    . . .     Faith    .   (no shield)
rNeg     . . .     Spirit   .   (armour unavailable)
rPois    .         Reflect  .   (helmet restricted)
rElec    .         Harm     .   (no cloak)
rCorr    .                      (no gloves)
MR       .....                  (no boots)
Stlth    +++.......             (no amulet)
HPRegen  0.06/turn              (no ring)
MPRegen  0.07/turn              (no ring)

@: no status effects
A: unfitting armour, cold-blooded, AC +4
a: no special abilities


You were on level 5 of the Dungeon.
You visited 1 branch of the dungeon, and saw 2 of its levels.

You collected 9 gold pieces.

Inventory:

Hand Weapons
 a - a +0 falchion (weapon)
Wands
 f - a wand of digging (3)
Scrolls
 c - a scroll of magic mapping
 d - a scroll of identify {unknown}
Potions
 e - a potion of haste


   Skills:
 + Level 3.3 Fighting
 - Level 2.0 Long Blades
 + Level 1.8 Dodging
 - Level 4.5 Stealth


You couldn't memorise any spells.
You didn't know any spells.
Your spell library was empty.

Dungeon Overview and Level Annotations

Branches:
Dungeon (6/15)
 Temple: D:4-7

Altars:


Innate Abilities, Weirdness & Mutations

Your plain brown scales are hard. (AC +4)
You cannot fit into any form of body armour.
You are cold-blooded and may be slowed by cold attacks.


Message History

You now have 9 gold pieces.
d - a scroll labeled MASUYRIGAPP
Found a whip.
You start resting.
An orc priest is nearby!
You open the door.
Found a great mace.
There is an open door here.
A centaur comes into view.
The centaur wields a +0 shortbow.
The centaur shoots an arrow.
The arrow hits you.
Found a rapier.
You see here an arrow.
The centaur shoots an arrow.
The arrow hits you but does no damage.
You see here an arrow.
As you read the scroll of fog, it crumbles to dust.
The scroll dissolves into smoke.
The centaur shoots an arrow.
The arrow closely misses you.
The centaur shoots an arrow.
The arrow hits you.
The centaur shoots an arrow.
The arrow hits you!
You die...

.......+.....##...##.##.
......#................
.....#................ #
#...##....##.........
..###...##'#####.........
.....§........##...##.##.
.....§§§§§....##...##.###
......§§§§.....#.........
......§§@§.....+.........
.......§.§.....#.........
.)....§.§...)..#.........
.c.##...##..####.####....
.. #...# ..# #######....
. #.... ..# ...........
#.... .# ........... #...
.+ ...........
...........


You could see a centaur.

Vanquished Creatures
  An orc (D:5)
1 creature vanquished.

Notes
Turn   | Place    | Note
-------+----------+-------------------------------------------
     0 | D:5      | Lanoc the Draconian Delver began the quest for the Orb.
     0 | D:5      | Reached XP level 1. HP: 19/19 MP: 1/1
    34 | D:5      | Noticed an orc priest
    48 | D:6      | Noticed a jelly
   115 | D:5      | Noticed a centaur
   118 | D:5      | Shot with an arrow by a centaur

Illustrated notes

Levels and vault maps discovered:
D:5:      layout_gridville, lemuel_round_altar, serial_shops, nicolae_shop_stone
D:6:      layout_loops_cross, nicolae_tso_besieged_by_evil, xom_teletrap_fun,
          temple_pool_b, wad_floor_pattern_untrapped, uniq_maggie

Action                   || total
-------------------------++-------
Melee: Falchion          ||     5
       Tailslap          ||     1
  Use: Scroll            ||     2
Armor: Skin              ||     5
Dodge: Dodged            ||     6
       Rpst.: Falchion   ||     1

Table legend: (Time is in decaauts)
 A = Elapsed time spent in this place.
 B = Non-inter-level travel time spent in this place.
 C = Inter-level travel time spent in this place.
 D = Time resting spent in this place.
 E = Time spent auto-exploring this place.
 F = Levels seen in this place.
 G = Mean time per level.
                   A        B        C        D        E       F      G
               +--------+--------+--------+--------+--------+-----+--------+
         Total |    119 |    119 |      0 |     22 |     21 |   2 |   59.5 |
       Dungeon |    119 |    119 |      0 |     22 |     21 |   2 |   59.5 |
               +--------+--------+--------+--------+--------+-----+--------+

Top non-repeatable levels by time:
     D:5: 117 daAuts
     D:6: 1 daAuts
